| TOP OF THE 1ST |
|
Newark Black Sox batting - Pitching for Geneva Red Legs : RHP Robin Fuson
|
|
Pitching: RHP Robin Fuson
|
|
|
Batting: RHB Orlando Amaris
|
0-0: Called Strike 0-1: Swinging Strike 0-2: Strikes out looking
|
|
Batting: RHB Ellis Burks
|
0-0: Foul Ball, location: 2F 0-1: Foul Ball, location: 2F 0-2: Ball 1-2: Ball 2-2: Foul Ball, location: 2F 2-2: Foul Ball, location: 2F 2-2: Foul Ball, location: 2F 2-2: Ball 3-2: Foul Ball, location: 2F 3-2: Foul Ball, location: 2F 3-2: TRIPLE (Line Drive, 8LD, EV 100.6 MPH)
|
|
Batting: RHB Moises Acosta
|
0-0: Called Strike 0-1: Ball 1-1: Fly out, F9 (Flyball, 9S, EV 77.5 MPH)
|
|
Batting: RHB Adrien Perkins
|
0-0: Ball 1-0: Foul Ball, location: 2F 1-1: Ball 2-1: Foul Ball, location: 2F 2-2: Ball 3-2: Strikes out swinging
|
| Top of the 1st over - 0 runs, 1 hit, 0 errors, 1 left on base; Newark 0 - Geneva 0 |
| BOTTOM OF THE 1ST |
|
Geneva Red Legs batting - Pitching for Newark Black Sox : RHP Edgar Salas
|
|
Pitching: RHP Edgar Salas
|
|
|
Batting: RHB Bob Brower
|
0-0: Ball 1-0: Ball 2-0: Ball 3-0: Called Strike 3-1: Swinging Strike 3-2: Base on Balls
|
|
Batting: RHB Ricky Velasquez
|
0-0: Ball 1-0: Ball 2-0: Ball 3-0: Base on Balls Bob Brower to second
|
|
Batting: LHB Mike Kingery
|
0-0: Ball 1-0: SINGLE (Line Drive, 6MD, EV 93.8 MPH) Bob Brower to third Ricky Velasquez to second Runner from 3rd tries for Home, SAFE, throw by CF to home
|
|
Batting: LHB Orsino Hill
|
0-0: Ball 1-0: Ball 2-0: Ball 3-0: Called Strike 3-1: Foul Ball, location: 2F 3-2: Foul Ball, location: 2F 3-2: Foul Ball, location: 2F 3-2: Foul Ball, location: 2F 3-2: Strikes out swinging
|
|
Batting: RHB Victor Mendoza
|
0-0: Ball 1-0: Ball 2-0: Foul Ball, location: 2F 2-1: Ball 3-1: Base on Balls Ricky Velasquez to third Mike Kingery to second
|
|
Batting: RHB Robby Thompson
|
0-0: Ball 1-0: Ball 2-0: Called Strike 2-1: Grounds into double play, 6-4-3 (Groundball, 6D, EV 105.6 MPH)
|
| Bottom of the 1st over - 1 run, 1 hit, 0 errors, 2 left on base; Newark 0 - Geneva 1 |
| TOP OF THE 2ND |
|
Newark Black Sox batting - Pitching for Geneva Red Legs : RHP Robin Fuson
|
|
Batting: RHB Jerry Bendorf
|
0-0: Called Strike 0-1: Ball 1-1: Ball 2-1: Ball 3-1: Base on Balls
|
|
Batting: RHB Henry Hubbard
|
0-0: Ball 1-0: Ball 2-0: Ball 3-0: Called Strike 3-1: Fly out, F3 (Flyball, 3D, EV 89.4 MPH)
|
|
Batting: RHB Orlando Gonzalez
|
0-0: Ball 1-0: Called Strike Jerry Bendorf steals 2nd base 1-1: Fly out, F7 (Flyball, 78M, EV 75.6 MPH)
|
|
Batting: RHB Danny Griffin
|
0-0: Foul Ball, location: 2F 0-1: Swinging Strike 0-2: Ball 1-2: Fly out, F4 (Popup, 23, EV 94.4 MPH)
|
| Top of the 2nd over - 0 runs, 0 hits, 0 errors, 1 left on base; Newark 0 - Geneva 1 |
| BOTTOM OF THE 2ND |
|
Geneva Red Legs batting - Pitching for Newark Black Sox : RHP Edgar Salas
|
|
Batting: LHB Louis Sottile
|
0-0: Ball 1-0: Called Strike 1-1: Called Strike 1-2: Fly out, F8 (Flyball, 78D, EV 95.6 MPH)
|
|
Batting: RHB Danny Reyes
|
0-0: Swinging Strike 0-1: Ball 1-1: Ground out 1-3 (Groundball, 13, EV 69.4 MPH)
|
|
Batting: RHB Mark Kaeterle
|
0-0: Ball 1-0: Ball 2-0: Foul Ball, location: 2F 2-1: Ground out U3 (Groundball, 34, EV 82.5 MPH)
|
| Bottom of the 2nd over - 0 runs, 0 hits, 0 errors, 0 left on base; Newark 0 - Geneva 1 |
| TOP OF THE 3RD |
|
Newark Black Sox batting - Pitching for Geneva Red Legs : RHP Robin Fuson
|
|
Batting: RHB Chris Bautista
|
0-0: Foul Ball, location: 2F 0-1: Ball 1-1: SINGLE (Groundball, 56D, EV 101.3 MPH)
|
|
Batting: RHB Orlando Amaris
|
0-0: Called Strike 0-1: Grounds into double play, 4-6-3 (Groundball, 4, EV 100.6 MPH)
|
|
Batting: RHB Ellis Burks
|
0-0: Foul Ball, location: 2F 0-1: Foul Ball, location: 2F 0-2: Fly out, F8 (Flyball, 89D, EV 108.1 MPH)
|
| Top of the 3rd over - 0 runs, 1 hit, 0 errors, 0 left on base; Newark 0 - Geneva 1 |
| BOTTOM OF THE 3RD |
|
Geneva Red Legs batting - Pitching for Newark Black Sox : RHP Edgar Salas
|
|
Batting: RHB Bob Brower
|
0-0: Ball 1-0: Foul Ball, location: 2F 1-1: Swinging Strike 1-2: Foul Ball, location: 2F 1-2: TRIPLE (Line Drive, 8RXD, EV 108.1 MPH)
|
|
Batting: RHB Ricky Velasquez
|
0-0: Ball 1-0: Swinging Strike 1-1: Swinging Strike 1-2: Ball 2-2: Fly out, F9 (Flyball, 9, EV 82.5 MPH) Runner from 3rd tags up, SCORES, no throw by RF
|
|
Batting: LHB Mike Kingery
|
0-0: Called Strike 0-1: Swinging Strike 0-2: Ball 1-2: Fly out, F7 (Flyball, 7, EV 95.0 MPH)
|
|
Batting: LHB Orsino Hill
|
0-0: Ball 1-0: Ball 2-0: Ball 3-0: Base on Balls
|
|
Batting: RHB Victor Mendoza
|
0-0: Ball Orsino Hill steals 2nd base 1-0: Foul Ball, location: 2F 1-1: Foul Ball, location: 2F 1-2: Ball 2-2: Ball 3-2: Base on Balls
|
|
Batting: RHB Robby Thompson
|
0-0: Ground out U3 (Groundball, 34S, EV 91.3 MPH)
|
| Bottom of the 3rd over - 1 run, 1 hit, 0 errors, 2 left on base; Newark 0 - Geneva 2 |
| TOP OF THE 4TH |
|
Newark Black Sox batting - Pitching for Geneva Red Legs : RHP Robin Fuson
|
|
Batting: RHB Moises Acosta
|
0-0: Swinging Strike 0-1: Ball 1-1: Called Strike 1-2: Ball 2-2: Ball 3-2: Base on Balls
|
|
Batting: RHB Adrien Perkins
|
0-0: Called Strike 0-1: Swinging Strike 0-2: Foul Ball, location: 2F 0-2: Ball 1-2: Strikes out swinging
|
|
Batting: RHB Jerry Bendorf
|
0-0: Grounds into double play, 5-4-3 (Groundball, 56, EV 106.9 MPH)
|
| Top of the 4th over - 0 runs, 0 hits, 0 errors, 0 left on base; Newark 0 - Geneva 2 |
| BOTTOM OF THE 4TH |
|
Geneva Red Legs batting - Pitching for Newark Black Sox : RHP Edgar Salas
|
|
Batting: LHB Louis Sottile
|
0-0: Called Strike 0-1: Swinging Strike 0-2: Ball 1-2: Foul Ball, location: 2F 1-2: SINGLE (Line Drive, 9S, EV 95.0 MPH)
|
|
Batting: RHB Danny Reyes
|
0-0: Ball Louis Sottile steals 2nd base 1-0: Called Strike 1-1: Ball 2-1: Called Strike 2-2: Foul Ball, location: 2F 2-2: Ball 3-2: Foul Ball, location: 2F 3-2: Ground out 6-3 (Groundball, 6, EV 95.6 MPH)
|
|
Batting: RHB Mark Kaeterle
|
0-0: Called Strike 0-1: Swinging Strike 0-2: Ball 1-2: Fly out, F8 (Flyball, 8RS, EV 84.4 MPH)
|
|
Batting: RHB Bob Brower
|
0-0: Ball 1-0: Swinging Strike 1-1: Ball 2-1: Ground out 6-3 (Groundball, 56, EV 81.9 MPH)
|
| Bottom of the 4th over - 0 runs, 1 hit, 0 errors, 1 left on base; Newark 0 - Geneva 2 |
| TOP OF THE 5TH |
|
Newark Black Sox batting - Pitching for Geneva Red Legs : RHP Robin Fuson
|
|
Batting: RHB Henry Hubbard
|
0-0: Called Strike 0-1: Swinging Strike 0-2: Foul Ball, location: 2F 0-2: Ball 1-2: Strikes out looking
|
|
Batting: RHB Orlando Gonzalez
|
0-0: DOUBLE (Line Drive, 7LM, EV 109.4 MPH)
|
|
Batting: RHB Danny Griffin
|
0-0: Ball 1-0: Ball 2-0: Foul Ball, location: 2F 2-1: Foul Ball, location: 2F 2-2: Ball 3-2: Foul Ball, location: 2F 3-2: Strikes out swinging
|
|
Batting: RHB Chris Bautista
|
0-0: Ball 1-0: Ball 2-0: Called Strike 2-1: Ball 3-1: Foul Ball, location: 2F 3-2: Foul Ball, location: 2F 3-2: Foul Ball, location: 2F 3-2: SINGLE (Line Drive, 8LS, EV 98.8 MPH) Orlando Gonzalez to third Orlando Gonzalez scores
|
|
Batting: RHB Orlando Amaris
|
0-0: Fly out, F7 (Flyball, 78D, EV 104.4 MPH)
|
| Top of the 5th over - 1 run, 2 hits, 0 errors, 1 left on base; Newark 1 - Geneva 2 |
| BOTTOM OF THE 5TH |
|
Geneva Red Legs batting - Pitching for Newark Black Sox : RHP Edgar Salas
|
|
Batting: RHB Ricky Velasquez
|
0-0: Foul Ball, location: 2F 0-1: Fly out, F8 (Flyball, 8LS, EV 93.1 MPH)
|
|
Batting: LHB Mike Kingery
|
0-0: Ball 1-0: Called Strike 1-1: Foul Ball, location: 2F 1-2: Foul Ball, location: 2F 1-2: Ball 2-2: Foul Ball, location: 2F 2-2: SINGLE (Groundball, 4S, EV 70.6 MPH) (infield hit)
|
|
Batting: LHB Orsino Hill
|
0-0: Called Strike 0-1: Ball 1-1: Ball Mike Kingery is caught stealing 2nd base 2-6 2-1: Fly out, F8 (Flyball, 8LM, EV 88.1 MPH)
|
| Bottom of the 5th over - 0 runs, 1 hit, 0 errors, 0 left on base; Newark 1 - Geneva 2 |
| TOP OF THE 6TH |
|
Newark Black Sox batting - Pitching for Geneva Red Legs : RHP Robin Fuson
|
|
Batting: RHB Ellis Burks
|
0-0: SINGLE (Line Drive, 78S, EV 103.1 MPH)
|
|
Batting: RHB Moises Acosta
|
0-0: Ball 1-0: Ball 2-0: Called Strike 2-1: Fly out, F9 (Flyball, 9D, EV 90.0 MPH)
|
|
Batting: RHB Adrien Perkins
|
0-0: Called Strike Ellis Burks steals 2nd base 0-1: Foul Ball, location: 2F 0-2: Foul Ball, location: 2F 0-2: Ball 1-2: Strikes out looking
|
|
Batting: RHB Jerry Bendorf
|
0-0: Ball 1-0: Called Strike 1-1: Foul Ball, location: 2F 1-2: Fly out, F4 (Line Drive, 4, EV 60.6 MPH)
|
| Top of the 6th over - 0 runs, 1 hit, 0 errors, 1 left on base; Newark 1 - Geneva 2 |
| BOTTOM OF THE 6TH |
|
Geneva Red Legs batting - Pitching for Newark Black Sox : RHP Edgar Salas
|
|
Batting: RHB Victor Mendoza
|
0-0: Foul Ball, location: 2F 0-1: Ball 1-1: Swinging Strike 1-2: Ball 2-2: Ball 3-2: SINGLE (Flyball, 8LS, EV 93.1 MPH)
|
|
Batting: RHB Robby Thompson
|
0-0: Fly out, F2 (Popup, 2LF, EV 88.8 MPH)
|
|
Batting: LHB Louis Sottile
|
0-0: DOUBLE (Flyball, 8RXD, EV 99.4 MPH) Victor Mendoza to third Runner from 3rd tries for Home, SAFE, throw by CF to home
|
|
Batting: RHB Danny Reyes
|
0-0: Called Strike 0-1: Ground out 4-3 (Groundball, 4, EV 103.8 MPH) Louis Sottile to third
|
|
Batting: RHB Mark Kaeterle
|
0-0: Ball 1-0: Called Strike 1-1: DOUBLE (Line Drive, 9LM, EV 98.8 MPH) Louis Sottile scores
|
|
Batting: RHB Bob Brower
|
0-0: Ball 1-0: Called Strike 1-1: Ball 2-1: Foul Ball, location: 2F 2-2: Fly out, F4 (Popup, 34D, EV 66.9 MPH)
|
| Bottom of the 6th over - 2 runs, 3 hits, 0 errors, 1 left on base; Newark 1 - Geneva 4 |
| TOP OF THE 7TH |
|
Newark Black Sox batting - Pitching for Geneva Red Legs : RHP Robin Fuson
|
|
Batting: RHB Henry Hubbard
|
0-0: Ball 1-0: Ground out 3-1 (Groundball, 34, EV 101.3 MPH)
|
|
Batting: RHB Orlando Gonzalez
|
0-0: Ball 1-0: Ball 2-0: Called Strike 2-1: Foul Ball, location: 2F 2-2: Fly out, F3 (Popup, 3F, EV 73.8 MPH)
|
|
Batting: RHB Danny Griffin
|
0-0: Called Strike 0-1: Ball 1-1: Foul Ball, location: 2F 1-2: Ball 2-2: Ground out 5-3 (Groundball, 56, EV 80.6 MPH)
|
| Top of the 7th over - 0 runs, 0 hits, 0 errors, 0 left on base; Newark 1 - Geneva 4 |
| BOTTOM OF THE 7TH |
|
Geneva Red Legs batting - Pitching for Newark Black Sox : RHP Edgar Salas
|
|
Batting: RHB Ricky Velasquez
|
0-0: Called Strike 0-1: Ball 1-1: Fly out, F7 (Flyball, 78D, EV 94.4 MPH)
|
|
Pitching: RHP Brett Williams
|
|
|
Batting: LHB Mike Kingery
|
0-0: Ball 1-0: Foul Ball, location: 2F 1-1: Ball 2-1: Ground out 1-3 (Groundball, 23, EV 70.6 MPH)
|
|
Batting: LHB Orsino Hill
|
0-0: SINGLE (Groundball, 56S, EV 66.3 MPH) (infield hit)
|
|
Batting: RHB Victor Mendoza
|
0-0: Ball 1-0: Ball 2-0: Ball 3-0: Base on Balls Orsino Hill to second
|
|
Batting: RHB Robby Thompson
|
0-0: Ball 1-0: Fly out, F6 (Popup, P, EV 83.8 MPH)
|
| Bottom of the 7th over - 0 runs, 1 hit, 0 errors, 2 left on base; Newark 1 - Geneva 4 |
| TOP OF THE 8TH |
|
Newark Black Sox batting - Pitching for Geneva Red Legs : RHP Robin Fuson
|
|
Batting: RHB Chris Bautista
|
0-0: Called Strike 0-1: Fly out, F9 (Line Drive, 9, EV 91.9 MPH)
|
|
Batting: RHB Orlando Amaris
|
0-0: Ball 1-0: Called Strike 1-1: Called Strike 1-2: Ball 2-2: Fly out, F8 (Flyball, 8LM, EV 90.6 MPH)
|
|
Batting: RHB Ellis Burks
|
0-0: Called Strike 0-1: Ball 1-1: Foul Ball, location: 2F 1-2: Ball 2-2: Strikes out looking
|
| Top of the 8th over - 0 runs, 0 hits, 0 errors, 0 left on base; Newark 1 - Geneva 4 |
| BOTTOM OF THE 8TH |
|
Geneva Red Legs batting - Pitching for Newark Black Sox : RHP Brett Williams
|
|
Batting: LHB Louis Sottile
|
0-0: Called Strike 0-1: Foul Ball, location: 2F 0-2: Ball 1-2: Foul Ball, location: 2F 1-2: Ball 2-2: Ball 3-2: Strikes out swinging, 2-3 out at first.
|
|
Batting: RHB Danny Reyes
|
0-0: Ball 1-0: Called Strike 1-1: Fly out, F7 (Flyball, 7D, EV 102.5 MPH)
|
|
Batting: RHB Mark Kaeterle
|
0-0: Foul Ball, location: 2F 0-1: Swinging Strike 0-2: Strikes out swinging
|
| Bottom of the 8th over - 0 runs, 0 hits, 0 errors, 0 left on base; Newark 1 - Geneva 4 |
| TOP OF THE 9TH |
|
Newark Black Sox batting - Pitching for Geneva Red Legs : RHP Robin Fuson
|
|
Pitching: RHP Rafael Cuevas
|
|
|
Batting: RHB Moises Acosta
|
0-0: Ball 1-0: SINGLE (Line Drive, 78M, EV 100.6 MPH)
|
|
Batting: RHB Adrien Perkins
|
0-0: Called Strike 0-1: Foul Ball, location: 2F 0-2: Foul Ball, location: 2F 0-2: Ball 1-2: Strikes out swinging
|
|
Batting: RHB Jerry Bendorf
|
0-0: Swinging Strike 0-1: Foul Ball, location: 2F 0-2: DOUBLE (Line Drive, 89M, EV 90.6 MPH) Moises Acosta to third
|
|
Pinch Hitting: RHB Ignacio Velasquez
|
0-0: Foul Ball, location: 2F 0-1: Called Strike 0-2: Ball 1-2: Foul Ball, location: 2F 1-2: Ground out 5-3 (Groundball, 56, EV 86.9 MPH) Moises Acosta scores
|
|
Batting: LHB Jerry Schmid
|
0-0: Ground out U3 (Groundball, 3S, EV 82.5 MPH)
|
| Top of the 9th over - 1 run, 2 hits, 0 errors, 1 left on base; Newark 2 - Geneva 4 |
|